 Dungeon Crawl Stone Soup version 0.28.0-53-g5a82cb258f (webtiles) character file.

Game seed: 10917005300452485701

343 issech the Chopper (level 6, -1/53 HPs)
             Began as a Minotaur Monk on June 4, 2022.
             Frozen to death by an endoplasm (5 damage)
             ... on level 4 of the Dungeon.
             The game lasted 00:09:04 (3463 turns).

issech the Chopper (Minotaur Monk)                  Turns: 3463, Time: 00:09:05

Health: -1/53      AC: 10    Str: 15    XL:     6   Next: 31%
Magic:  5/5        EV:  8    Int:  7    God:
Gold:   126        SH:  0    Dex: 15    Spells: 5/5 levels left

rFire   . . .      SeeInvis .   q - +0 war axe
rCold   . . .      Faith    .   (no shield)
rNeg    + . .      Spirit   .   g - +0 chain mail
rPois   .          Reflect  .   (helmet restricted)
rElec   .          Harm     .   w - +0 cloak
rCorr   .          Rampage  .   (no gloves)
Will    .....                   (no boots)
Stlth   ..........              (no amulet)
HPRegen 0.17/turn               p - ring of positive energy
MPRegen 0.09/turn               (no ring)

@: no status effects
A: horns 2, retaliatory headbutt
a: no special abilities


You were on level 4 of the Dungeon.
You visited 1 branch of the dungeon, and saw 4 of its levels.

You collected 126 gold pieces.

Inventory:

Hand Weapons
 a - a +0 hand axe
 h - a +0 hunting sling
 o - a +0 vorpal flail
 q - a +0 war axe (weapon)
 v - a +0 short sword of venom
Missiles
 c - 108 stones (quivered)
 e - 15 sling bullets
 n - 16 arrows
Armour
 b - a +0 robe
 d - a +0 ring mail
 g - a +0 chain mail (worn)
 w - a +0 cloak (worn)
Jewellery
 p - a ring of positive energy (left hand)
 y - a +4 ring of slaying
Scrolls
 f - 5 scrolls of identify {unknown}
 j - a scroll of enchant weapon {unknown}
 k - 3 scrolls of amnesia {unknown}
 m - a scroll of magic mapping {unknown}
 r - a scroll of summoning {unknown}
 s - a scroll of holy word {unknown}
 t - a scroll of immolation {unknown}
 u - a scroll of vulnerability {unknown}
 x - a scroll of enchant armour {unknown}
Potions
 i - a potion of heal wounds {unknown}
 l - a potion of attraction {unknown}


   Skills:
 + Level 4.5 Fighting
 + Level 6.3 Axes
 + Level 4.0 Armour
 + Level 3.9 Dodging
 + Level 1.8 Stealth


You had 5 spell levels left.
You didn't know any spells.
Your spell library contained the following spells:

 Spells                   Type           Power      Damage    Failure   Level
 Beastly Appendage        Tmut           0%         N/A       100%        1
 Sublimation of Blood     Necr           0%         N/A       100%        2
 Wereblood                Tmut           0%         N/A       100%        2
 Spider Form              Tmut/Pois      0%         N/A       100%        3
 Summon Hydra             Summ           0%         N/A       100%        7


Dungeon Overview and Level Annotations

Branches:
Dungeon (4/15)
 Temple: D:4-7

Altars:
Cheibriados

Annotations:
D:4 Menkaure


Innate Abilities, Weirdness & Mutations

You have a pair of horns on your head.
You reflexively headbutt those who attack you in melee.


Message History

Menkaure gestures wildly while chanting.
Menkaure seems to speed up.
The goblin shouts!
Menkaure's bandages flutter.
Menkaure blazes with dark energy!
Menkaure calls on the powers of darkness!
Your body is wracked with pain!
* * * LOW HITPOINT WARNING * * *
Found a brass ring.
You see here a +4 ring of slaying.
y - a +4 ring of slaying Menkaure casts a spell at you.
Pain shoots through your body!
* * * LOW HITPOINT WARNING * * *
Menkaure calls on the powers of darkness!
Your body is wracked with pain!
* * * LOW HITPOINT WARNING * * *
A howler monkey comes into view.
The howler monkey howls!
The howler monkey hoots and howls with incredible vigour!
You hear a shout!
Found 10 gold pieces.
The howler monkey barely misses you.
An endoplasm comes into view.
The endoplasm quivers.
An endoplasm comes into view.
The howler monkey hits you but does no damage.
The howler monkey hits you but does no damage.
Menkaure calls on the powers of darkness!
The howler monkey convulses!
Your body is wracked with pain!
* * * LOW HITPOINT WARNING * * *
The endoplasm convulses!
The endoplasm hits you but does no damage.
The howler monkey hits you but does no damage.
Menkaure points at you and mumbles some strange words.
Pain shoots through your body!
* * * LOW HITPOINT WARNING * * *
The endoplasm freezes you.
You are frozen.
You die...

#.# ... #g# .. #.#
#.# #.# .. #M# # #.
#.# #.##.##### #.#
#....J...########.#
#....@.h...Mg.....#
#..##.###.#######..#
. ... #J# #..# ####
#$# #..# ... ....
... ..### ##### ####


You could see Menkaure (fast), a howler monkey, an endoplasm and a goblin.

Vanquished Creatures
  A black bear (D:4)
  A bullfrog zombie (D:3)
  2 orc priests
  3 orc wizards
  An adder (D:2)
  2 worms (D:2)
  3 dart slugs
  10 orcs
  6 ball pythons
  3 endoplasms
  2 giant cockroaches
  4 goblins
  3 hobgoblins
  4 jackals
  4 bats
  3 frilled lizards
  5 kobolds
  5 rats
62 creatures vanquished.

Vanquished Creatures (others)
  A plant (D:1)
1 creature vanquished.

Grand Total: 63 creatures vanquished

Notes
Turn   | Place    | Note
-------+----------+-------------------------------------------
     0 | D:1      | issech the Minotaur Monk began the quest for the Orb.
     0 | D:1      | Reached XP level 1. HP: 19/19 MP: 0/0
    89 | D:1      | Found a faded altar of an unknown god.
   312 | D:1      | Reached XP level 2. HP: 24/27 MP: 1/1
   964 | D:2      | Reached skill level 4 in Axes
   982 | D:2      | Found a snail-covered altar of Cheibriados.
  1048 | D:2      | Reached XP level 3. HP: 32/33 MP: 2/2
  1242 | D:2      | Reached skill level 1 in Armour
  1433 | D:2      | Reached XP level 4. HP: 25/37 MP: 3/3
  2059 | D:3      | Reached XP level 5. HP: 46/47 MP: 4/4
  2334 | D:3      | Reached skill level 5 in Axes
  2986 | D:4      | Noticed Menkaure
  3403 | D:4      | Noticed a black bear
  3413 | D:4      | Killed a black bear
  3414 | D:4      | Reached skill level 6 in Axes
  3414 | D:4      | Reached XP level 6. HP: 37/53 MP: 5/5
  3463 | D:4      | Frozen to death by an endoplasm

Illustrated notes

Levels and vault maps discovered:
D:1:      denvon_arrival_planthouse, layout_loops_ring,
          shapermc_ecumenical_altar_mp_highgroup, grunt_decor_junction
D:2:      layout_basic, basic_altar, minmay_tetromino_s2
D:3:      layout_basic
D:4:      cheibrodos_thug_alley, layout_loops_ring, marbit_many_paths,
          uniq_menkaure

Skill      XL: |  1  2  3  4  5 |
---------------+----------------+-----
Fighting       | 4 |  4.5
Axes           | 4 6 |  6.3
Armour         | 1 3 4 |  4.0
Dodging        | |  3.9
Stealth        | |  1.8

Action                   |  1- 3 |  4- 6 || total
-------------------------+-------+-------++-------
Melee: Hand axe          |    90 |    83 ||   173
       Headbutt          |    11 |    17 ||    28
       War axe           |       |    21 ||    21
Armor: Ring mail         |     2 |       ||     2
       Robe              |     1 |       ||     1
       Chain mail        |    43 |    71 ||   114
Dodge: Dodged            |    39 |    27 ||    66
